 Dungeon Crawl Stone Soup version 0.32-a0-868-g153ae1a8d6 (webtiles) character file.

Game seed: 7195724935261046283

102 Ruich the Ruffian (level 4, 0/41 (44) HPs)
             Began as a Troll Reaver on Mar 28, 2024.
             Was a Priest of Beogh.
             Slain by Wargath the orc apostle
             ... wielding the +7 dagger of Uskayaw's Esteem {drain, rCorr Int-2 Dex+2}
              (4 damage)
             ... on level 3 of the Dungeon.
             The game lasted 00:05:28 (1674 turns).

Ruich the Ruffian (Troll Reaver)                    Turns: 1674, Time: 00:05:30

HP:   0/41 (44)     AC:  4    Str: 20    XL:     4   Next: 50%
MP:   4/4           EV:  8    Int:  9    God:    Beogh [***...]
Gold: 118           SH:  0    Dex: 10    Spells: 4/5 levels left

rFire   . .          .
                       - Unarmed
rCold   . . .        (no shield)
rNeg    . . .        a - +0 robe
rPois   .            (helmet restricted)
rElec   .            (no cloak)
rCorr   .            (gloves unavailable)
SInv    +            (boots unavailable)
Will    .....        i - amulet of faith {!P}
Stlth   +            q - ring of see invisible
HPRegen 1.06/turn    (no ring)
MPRegen 0.09/turn

%: faith
@: lethally poisoned (0 -> -2), drained
A: large, unfitting armour, claws 3, regeneration 1, shaggy fur 1, tough skin 1
a: Renounce Religion, Smiting


You were on level 3 of the Dungeon.
You worshipped Beogh.
Beogh was most pleased with you.
You visited 1 branch of the dungeon, and saw 3 of its levels.

You collected 118 gold pieces.


Innate Abilities, Weirdness & Mutations

Your facial features look somewhat orcish.
You are too large for most types of armour.
You have claws for hands.
Your natural rate of healing is unusually fast.
You are covered in fur. (AC +1)
You have tough skin. (AC +1)


   Skills:
 + Level 2.5 Fighting
 - Level 1.5 Dodging
 * Level 4.7 Unarmed Combat
 - Level 1.2 Spellcasting
 - Level 2.1 Conjurations


You had 4 spell levels left.
You knew the following spells:

 Your Spells              Type           Power      Damage    Failure   Level
X - Kiss of Death         Conj/Necr      8%         2d6       24%         1

Your spell library contained the following spells:

 Spells                   Type           Power      Damage    Failure   Level
 Momentum Strike          Conj/Tloc      4%         3d8       34%         2
 Hailstorm                Conj/Ice       2%         3d5       56%         3

Inventory:

Missiles
 h - 17 poisoned darts
 l - 5 atropa-tipped darts
Armour
 a - a +0 robe (worn)
Magical Staves
 g - a staff of alchemy {!a}
Jewellery
 i - an amulet of faith (around neck) {!P}
 q - a ring of see invisible (left claw)
Scrolls
 b - a scroll of noise {unknown}
 k - a scroll of enchant armour {unknown}
 m - a scroll of fear
 n - a scroll of blinking {unknown}
 o - a scroll of brand weapon {unknown}
 r - a scroll of teleportation {unknown}
 s - a scroll of enchant weapon {unknown}
 u - a scroll of acquirement {unknown}
Potions
 c - 2 potions of heal wounds {unknown}
 d - a potion of curing {unknown}
 e - a potion of enlightenment {unknown}
 f - a potion of mutation {unknown}
 j - a potion of attraction
 p - a potion of lignification {unknown}
 t - a potion of haste {@q3}

Dungeon Overview and Level Annotations

Branches:
Dungeon (3/15) Zot: 16336

Altars:
Beogh

######## #. ##......###
###... #.........#
.....# .......@#.#.
#...# .......o#.#.#
#...#
.....?..#.#.####...#####
........#.#.............
..#######.#..........###
. #.#..........# #
#.#.....)....# #
#.#..........# #
#.#......##### #


You could see Wargath the orc apostle (divinely empowered).


Message History

You claw Wargath!
Wargath is severely wounded.
Wargath mumbles some strange words.
Wargath blinks!
Unknown command.
Unknown command.
Wargath gestures wildly while chanting.
Wargath blinks!
Found a scroll labelled UTIYR DIESHI.
You closely miss Wargath.
Wargath is severely wounded.
Wargath gestures at you while chanting. The sting misses you.
You barely miss Wargath.
Wargath is severely wounded.
Wargath gestures wildly while chanting.
Wargath blinks!
You barely miss Wargath.
Wargath is severely wounded.
Wargath points at you and mumbles some strange words.
You are poisoned.
* * * LOW HITPOINT WARNING * * *
You miss Wargath. You claw Wargath, but do no damage.
Wargath is heavily wounded.
You feel very sick.
Wargath hits you with the +7 dagger of Uskayaw's Esteem!
* * * LOW HITPOINT WARNING * * *
You feel drained.
You die...
Beogh appreciates Wargath's killing of a heretic priest.

Skill      XL: |  1  2  3 |
---------------+----------+-----
Fighting       | 2 |  2.5
Unarmed Combat | 4 |  4.7
Dodging        | |  1.5
Spellcasting   | |  1.2
Conjurations   | |  2.1

Action                     |  1- 3 |  4- 6 || total
---------------------------+-------+-------++-------
  Melee: Unarmed           |   109 |    33 ||   142
         Punch             |     3 |     3 ||     6
    Use: Scroll            |       |     3 ||     3
   Stab: Sleeping          |     2 |       ||     2
 Armour: Robe              |    61 |    27 ||    88
  Dodge: Dodged            |    61 |    11 ||    72

Levels and vault maps discovered:
D:1:      matt_arrival_diagonals, layout_basic,
          shapermc_ecumenical_altar_mp_urbaneastern, minmay_pentomino_u2
D:2:      layout_basic, kennysheep_generic_room_9
D:3:      layout_basic, mainiacjoe_overflow_cross_hatched, lemuel_crystal_altar

Notes
Turn   | Place    | Note
-------+----------+-------------------------------------------
     0 | D:1      | Ruich the Troll Reaver began the quest for the Orb.
     0 | D:1      | Reached XP level 1. HP: 19/19 MP: 1/1
   179 | D:1      | Found a faded altar of an unknown god.
   185 | D:1      | Prayed at the altar of an unknown god.
   185 | D:1      | Became a worshipper of Beogh the Shepherd
   185 | D:1      | Reached * piety under Beogh
   273 | D:1      | Reached XP level 2. HP: 28/28 MP: 2/2
   370 | D:1      | Reached skill level 2 in Fighting
   697 | D:1      | Reached ** piety under Beogh
   698 | D:1      | Reached XP level 3. HP: 23/35 MP: 3/3
   893 | D:2      | Reached skill level 4 in Unarmed Combat
  1401 | D:3      | Reached XP level 4. HP: 44/44 MP: 4/4
  1636 | D:3      | Reached *** piety under Beogh
  1656 | D:3      | Identified the +7 dagger of Uskayaw's Esteem {drain, rCorr
                  | Int-2 Dex+2}
  1656 | D:3      | Identified the +1 robe "Zym Vot" {rPois Will- Dex+6}
  1656 | D:3      | Noticed Wargath
  1674 | D:3      | HP: 4/43 [Wargath the orc apostle/the +7 dagger of
                  | Uskayaw's Esteem {drain, rCorr Int-2 Dex+2} (11)]
  1674 | D:3      | Slain by Wargath the orc apostle

Vanquished Creatures
  An orc wizard (D:3)
  An adder (D:2)
  2 dart slugs
  2 orcs (D:3)
  5 bats
  6 endoplasms
  6 giant cockroaches
  3 goblins
  8 hobgoblins
  3 jackals (D:1)
  3 quokkas
  2 ball pythons (D:1)
  6 frilled lizards
  5 kobolds
  6 rats
59 creatures vanquished.

Vanquished Creatures (others)
  An orc (D:3)
1 creature vanquished.

Grand Total: 60 creatures vanquished

Table legend: (Time is in decaauts)
 A = Elapsed time spent in this place.
 B = Non-inter-level travel time spent in this place.
 C = Inter-level travel time spent in this place.
 D = Time resting spent in this place.
 E = Time spent auto-exploring this place.
 F = Levels seen in this place.
 G = Mean time per level.
                   A        B        C        D        E       F      G
               +--------+--------+--------+--------+--------+-----+--------+
         Total |   1662 |   1618 |     44 |      7 |   1211 |   3 |  554.0 |
       Dungeon |   1662 |   1618 |     44 |      7 |   1211 |   3 |  554.0 |
               +--------+--------+--------+--------+--------+-----+--------+

Top non-repeatable levels by time:
     D:1: 776 daAuts
     D:2: 588 daAuts
     D:3: 296 daAuts

Table legend:
 A = Non-vault XP
 B = Vault XP
 C = Vault XP percentage of total XP
 D = Non-vault monster count
 E = Vault monster count
 F = Vault count percentage of total count
                 A         B        C        D         E       F
            +---------+---------+-------+---------+---------+-------
      Total |     130 |      17 |  11.6 |      56 |       3 |   5.1
            +---------+---------+-------+---------+---------+-------
        D:1 |      39 |       4 |   9.3 |      24 |       2 |   7.7
        D:2 |      39 |      13 |  25.0 |      21 |       1 |   4.5
        D:3 |      52 |       0 |   0.0 |      11 |       0 |   0.0
            +---------+---------+-------+---------+---------+-------
